 Dungeon Crawl Stone Soup version 0.30-a0-862-g1aabd4f9c5 (webtiles) character file.

Game seed: 868024122250934707

119 Mickster the Chopper (level 4, -2/39 HPs)
             Began as a Troll Monk on Mar 9, 2023.
             Slain by an orc priest
             ... wielding a +0 trident
              (7 damage)
             ... on level 3 of the Dungeon.
             The game lasted 00:21:24 (1584 turns).

Mickster the Chopper (Troll Monk)                   Turns: 1584, Time: 00:21:25

Health: -2/39      AC:  4    Str: 21    XL:     4   Next: 74%
Magic:  2/2        EV: 10    Int:  6    God:
Gold:   134        SH:  0    Dex: 12    Spells: 3/3 levels left

rFire   . . .      SeeInvis .    a - +1 hand axe
rCold   . . .      Faith    .    (no shield)
rNeg    . . .      Spirit   .    b - +0 robe
rPois   .          Reflect  .    (helmet restricted)
rElec   .          Rampage  .    (no cloak)
rCorr   .                        (gloves unavailable)
Will    +....                    (boots unavailable)
Stlth   ++                       (no amulet)
HPRegen 1.06/turn                (no ring)
MPRegen 0.08/turn                (no ring)

@: no status effects
A: large, unfitting armour, claws 3, regeneration 1, shaggy fur 1, tough skin 1,
horns 1, frail 1, low MP 1, strong-willed 1
a: no special abilities


You were on level 3 of the Dungeon.
You visited 1 branch of the dungeon, and saw 3 of its levels.

You collected 134 gold pieces.

Inventory:

Hand Weapons
 a - a +1 hand axe (weapon)
 g - a +0 mace
 h - a +0 spear
Missiles
 d - 6 poisoned darts (quivered)
 f - 19 stones
Armour
 b - a +0 robe (worn)
Scrolls
 e - 2 scrolls of teleportation


   Skills:
 + Level 2.9 Fighting
 * Level 3.9 Axes
 + Level 2.9 Dodging
 + Level 1.0 Stealth


You had 3 spell levels left.
You didn't know any spells.
Your spell library contained the following spells:

 Spells                   Type           Power      Damage    Failure   Level
 Ensorcelled Hibernation  Hex/Ice        0%         N/A       58%         2
 Frozen Ramparts          Ice            0%         1d1       83%         3
 Ignite Poison            Fire/Tmut/Pois 0%         N/A       83%         3
 Olgreb's Toxic Radiance  Pois           0%         N/A       99%         4
 Sticky Flame             Conj/Fire      0%         2d3       99%         4
 Ignition                 Fire           0%         3d3       100%        8
 Polar Vortex             Ice            0%         N/A       100%        9


Dungeon Overview and Level Annotations

Branches:
Dungeon (3/15)

Altars:

Shops:
D:1 [[[[


Innate Abilities, Weirdness & Mutations

You are too large for most types of armour.
You have claws for hands.
Your natural rate of healing is unusually fast.
You are covered in fur. (AC +1)
You have tough skin. (AC +1)
You have a pair of small horns on your head.
You are frail. (-10% HP)
Your magical capacity is low. (-10% MP)
You are strong-willed. (Will+)


Message History

There is a stone staircase leading up here.
A ball python comes into view. 2 orc priests come into view.
The orc priest shouts! x2; The ball python hisses angrily.
The orc priest invokes the aid of Beogh against you.
Beogh smites you!
You hear a shout!
An orc comes into view. It is wielding a +0 morningstar.
A dart slug comes into view.
The orc priest mumbles some strange prayers to Beogh against you.
Beogh smites you!
The ball python attacks as you move away!
The ball python closely misses you.
You closely miss the ball python. Your headbutt misses the ball python.
The ball python bites you.
You closely miss the ball python. Your headbutt misses the ball python.
The ball python misses you.
You hit the ball python.
You kill the ball python!
The orc barely misses you.
You see here a ball python corpse.
You hit the orc.
The orc is lightly wounded.
The orc hits you with a +0 morningstar!
You hit the orc.
You kill the orc!
You hit the orc priest.
The orc priest is lightly wounded.
The orc priest hits you with a +0 flail.
The orc priest closely misses you.
You hit the orc priest. Your headbutt misses the orc priest.
The orc priest is heavily wounded.
The orc priest hits you from afar with a +0 trident.
The orc priest hits you with a +0 flail!
* * * LOW HITPOINT WARNING * * *
You hit the orc priest.
The orc priest is almost dead.
The orc priest begins to cast a cantrip, but forgets the words!
The orc priest hits you from afar with a +0 trident!
You die...

### #.# #.# #.. #.#
.# #.#####o#
#.#....o# #.#.....#
#@#.....# #o#.....#
#########o#.....#
................#
####....#.#....##
..........#........
.###.#.<....#######
#......#...#
###....#...#


You could see 2 orc priests.

Vanquished Creatures
  3 adders (D:2)
  4 gnolls (D:2)
  A dart slug (D:1)
  An orc (D:3)
  A bat (D:1)
  8 endoplasms
  A giant cockroach (D:1)
  5 goblins
  4 hobgoblins
  3 kobolds (D:1)
  3 quokkas
  9 ball pythons
  3 frilled lizards (D:1)
  4 rats
50 creatures vanquished.

Vanquished Creatures (others)
  6 plants (D:2)
6 creatures vanquished.

Grand Total: 56 creatures vanquished

Notes
Turn   | Place    | Note
-------+----------+-------------------------------------------
     0 | D:1      | Mickster the Troll Monk began the quest for the Orb.
     0 | D:1      | Reached XP level 1. HP: 22/22 MP: 0/0
   208 | D:1      | Found Ibleygug's Armour Boutique.
   219 | D:1      | Reached XP level 2. HP: 27/29 MP: 1/1
   225 | D:1      | Found Juteleun's Antique Armour Shop.
   283 | D:1      | Found Miokitta's Armour Emporium.
   291 | D:1      | Gained mutation: You are frail. (-10% HP) [potion of
                  | mutation]
   291 | D:1      | Gained mutation: Your magical capacity is low. (-10% MP)
                  | [potion of mutation]
   291 | D:1      | Gained mutation: You are strong-willed. (Will+) [potion of
                  | mutation]
   291 | D:1      | Gained mutation: You have a pair of small horns on your
                  | head. [potion of mutation]
   469 | D:1      | Found Gaiz's Armour Shop.
   536 | D:1      | Reached XP level 3. HP: 28/32 MP: 1/1
   542 | D:1      | Reached skill level 3 in Axes
   623 | D:2      | Got the Parchment of the Bane and Frostbite
   821 | D:2      | Found a faded altar of an unknown god.
  1023 | D:2      | Reached XP level 4. HP: 34/39 MP: 2/2
  1584 | D:3      | Slain by an orc priest

Illustrated notes

Levels and vault maps discovered:
D:1:      evilmike_arrival_hilbert_curve, layout_rooms, serial_shops, shop,
          shop, nicolae_shop_hallway_plus, nicolae_diamond_shop,
          palyth_stone_intersect
D:2:      layout_loops_cross, nicolae_ecumenical_snake_handling,
          nicolae_grassy_gnolls
D:3:      layout_basic, mainiacjoe_overflow_paths,
          nicolae_overflow_ecumenical_swirl, overflow_temple_1_default,
          uniq_grinder

Skill      XL: |  1  2  3 |
---------------+----------+-----
Axes           | 3 |  3.9
Fighting       | |  2.9
Dodging        | |  2.9
Stealth        | |  1.0

Action                     |  1- 3 |  4- 6 || total
---------------------------+-------+-------++-------
  Melee: Hand axe          |   140 |    33 ||   173
         Headbutt          |    12 |     5 ||    17
    Use: Scroll            |     4 |     2 ||     6
         Potion            |     2 |     1 ||     3
   Stab: Sleeping          |       |     1 ||     1
 Armour: Robe              |    64 |     5 ||    69
  Dodge: Dodged            |    88 |    13 ||   101

Table legend: (Time is in decaauts)
 A = Elapsed time spent in this place.
 B = Non-inter-level travel time spent in this place.
 C = Inter-level travel time spent in this place.
 D = Time resting spent in this place.
 E = Time spent auto-exploring this place.
 F = Levels seen in this place.
 G = Mean time per level.
                   A        B        C        D        E       F      G
               +--------+--------+--------+--------+--------+-----+--------+
         Total |   1607 |   1596 |     11 |    114 |      0 |   3 |  535.7 |
       Dungeon |   1607 |   1596 |     11 |    114 |      0 |   3 |  535.7 |
               +--------+--------+--------+--------+--------+-----+--------+

Top non-repeatable levels by time:
     D:2: 957 daAuts
     D:1: 627 daAuts
     D:3: 22 daAuts
